| TOP OF THE 1ST |
|
Dayton Dragons batting - Pitching for Lakewood BlueClaws : RHP Jamie Gordam
|
|
Pitching: RHP Jamie Gordam
|
|
|
Batting: LHB Matt Kennedy
|
0-0: Ball 1-0: Ball 2-0: Swinging Strike 2-1: Foul Ball, location: 2F 2-2: Ball 3-2: Ground out 6-3 (Groundball, 56, EV 90.6 MPH)
|
|
Batting: LHB Leo Gomez
|
0-0: Foul Ball, location: 2F 0-1: Called Strike 0-2: Ball 1-2: Strikes out swinging
|
|
Batting: LHB Chris Redhead
|
0-0: Called Strike 0-1: Ball 1-1: Ball 2-1: Fly out, F9 (Flyball, 9S, EV 87.5 MPH)
|
| Top of the 1st over - 0 runs, 0 hits, 0 errors, 0 left on base; Dayton 0 - Lakewood 0 |
| BOTTOM OF THE 1ST |
|
Lakewood BlueClaws batting - Pitching for Dayton Dragons : RHP Gil Villanueva
|
|
Pitching: RHP Gil Villanueva
|
|
|
Batting: LHB Matt Urbanek
|
0-0: SINGLE (Groundball, 25, EV 61.2 MPH) (infield hit)
|
|
Batting: RHB Vaclav Been
|
0-0: Called Strike 0-1: Foul Ball, location: 2F 0-2: Foul Ball, location: 2F 0-2: Ball 1-2: Foul Ball, location: 2F 1-2: Ground out 4-3 (Groundball, 4S, EV 62.5 MPH) Matt Urbanek to second
|
|
Batting: RHB Mike Bell
|
0-0: Reached on error, E6 (Groundball, 6D, EV 106.9 MPH) Matt Urbanek to third
|
|
Batting: RHB Victor Arias
|
0-0: Called Strike 0-1: Ball 1-1: Foul Ball, location: 2F 1-2: Ball 2-2: Reached on error, E4 (Groundball, 4, EV 96.2 MPH) Matt Urbanek scores Mike Bell to second
|
|
Batting: LHB Eric Farren
|
0-0: 3-RUN HOME RUN (Flyball, 89XD, EV 107.5 MPH), Distance : 416 ft
|
|
Batting: RHB Trent Hedrick
|
0-0: Foul Ball, location: 2F 0-1: Fly out, F9 (Line Drive, 9D, EV 91.9 MPH)
|
|
Batting: LHB Joel Moore
|
0-0: Ball 1-0: Swinging Strike 1-1: Ground out 6-3 (Groundball, 6, EV 87.5 MPH)
|
| Bottom of the 1st over - 4 runs, 2 hits, 2 errors, 0 left on base; Dayton 0 - Lakewood 4 |
| TOP OF THE 2ND |
|
Dayton Dragons batting - Pitching for Lakewood BlueClaws : RHP Jamie Gordam
|
|
Batting: RHB Mark Williams
|
0-0: Ball 1-0: Ground out U3 (Groundball, 34S, EV 90.6 MPH)
|
|
Batting: RHB Chris Zamora
|
0-0: Ball 1-0: Foul Ball, location: 2F 1-1: Ground out 6-3 (Groundball, 56, EV 104.4 MPH)
|
|
Batting: LHB Ray Walden
|
0-0: Called Strike 0-1: Ball 1-1: Ball 2-1: Ball 3-1: Foul Ball, location: 2F 3-2: Strikes out swinging
|
| Top of the 2nd over - 0 runs, 0 hits, 0 errors, 0 left on base; Dayton 0 - Lakewood 4 |
| BOTTOM OF THE 2ND |
|
Lakewood BlueClaws batting - Pitching for Dayton Dragons : RHP Gil Villanueva
|
|
Batting: RHB Johnny Burroughs
|
0-0: Ball 1-0: Swinging Strike 1-1: Ball 2-1: Ball 3-1: Ground out 5-3 (Groundball, 5S, EV 79.4 MPH)
|
|
Batting: RHB Cory Bonham
|
0-0: Fly out, F7 (Flyball, 7LS, EV 87.5 MPH)
|
|
Batting: LHB Matt Urbanek
|
0-0: Ball 1-0: Foul Ball, location: 2F 1-1: SINGLE (Line Drive, 7LM, EV 101.9 MPH)
|
|
Batting: RHB Vaclav Been
|
0-0: Called Strike 0-1: SINGLE (Flyball, 89S, EV 88.8 MPH) Matt Urbanek to second Runner from 2nd tries for 3rd, SAFE, throw by RF made to third
|
|
Batting: RHB Mike Bell
|
0-0: Swinging Strike 0-1: Swinging Strike 0-2: Ball 1-2: Strikes out swinging
|
| Bottom of the 2nd over - 0 runs, 2 hits, 0 errors, 2 left on base; Dayton 0 - Lakewood 4 |
| TOP OF THE 3RD |
|
Dayton Dragons batting - Pitching for Lakewood BlueClaws : RHP Jamie Gordam
|
|
Batting: RHB Juan Zamora
|
0-0: Ball 1-0: Ground out 1-3 (Groundball, 15, EV 69.4 MPH)
|
|
Batting: RHB Ernie Maldonado
|
0-0: Ball 1-0: Called Strike 1-1: Fly out, F9 (Flyball, 89M, EV 90.0 MPH)
|
|
Batting: RHB Yutaka Sato
|
0-0: Ball 1-0: Called Strike 1-1: Fly out, F7 (Flyball, 7S, EV 96.2 MPH)
|
| Top of the 3rd over - 0 runs, 0 hits, 0 errors, 0 left on base; Dayton 0 - Lakewood 4 |
| BOTTOM OF THE 3RD |
|
Lakewood BlueClaws batting - Pitching for Dayton Dragons : RHP Gil Villanueva
|
|
Batting: RHB Victor Arias
|
0-0: Foul Ball, location: 2F 0-1: Foul Ball, location: 2F 0-2: Ball 1-2: Fly out, F9 (Flyball, 9, EV 89.4 MPH)
|
|
Batting: LHB Eric Farren
|
0-0: Ball 1-0: Swinging Strike 1-1: Swinging Strike 1-2: SINGLE (Line Drive, 9S, EV 108.1 MPH)
|
|
Batting: RHB Trent Hedrick
|
0-0: Called Strike 0-1: Ball 1-1: Foul Ball, location: 2F Pickoff Throw to First - Error! E1 Eric Farren to second 1-2: Foul Ball, location: 2F 1-2: Fly out, F8 (Flyball, 8RM, EV 85.0 MPH)
|
|
Batting: LHB Joel Moore
|
0-0: Foul Ball, location: 2F 0-1: SINGLE (Line Drive, 89S, EV 92.5 MPH) Eric Farren to third Runner from 3rd tries for Home, throw by RF and OUT! 9-2
|
| Bottom of the 3rd over - 0 runs, 2 hits, 1 error, 1 left on base; Dayton 0 - Lakewood 4 |
| TOP OF THE 4TH |
|
Dayton Dragons batting - Pitching for Lakewood BlueClaws : RHP Jamie Gordam
|
|
Batting: LHB Matt Kennedy
|
0-0: SINGLE (Groundball, 56, EV 96.9 MPH)
|
|
Batting: LHB Leo Gomez
|
0-0: Called Strike 0-1: Ball 1-1: Ball 2-1: Foul Ball, location: 2F 2-2: Foul Ball, location: 2F 2-2: Fly out, F2 (Popup, 23F, EV 83.1 MPH)
|
|
Batting: LHB Chris Redhead
|
0-0: Called Strike Matt Kennedy steals 2nd base 0-1: Ball 1-1: Ball 2-1: Called Strike 2-2: Ball 3-2: Foul Ball, location: 2F 3-2: Base on Balls
|
|
Batting: RHB Mark Williams
|
0-0: Ball 1-0: Fielders Choice at 2nd, 1-6 (Groundball, 34S, EV 68.1 MPH) Matt Kennedy to third
|
|
Batting: RHB Chris Zamora
|
0-0: Ball 1-0: Foul Ball, location: 2F 1-1: Ball 2-1: Ball 3-1: Foul Ball, location: 2F 3-2: Base on Balls Mark Williams to second
|
|
Batting: LHB Ray Walden
|
0-0: Called Strike 0-1: Ball 1-1: Foul Ball, location: 2F 1-2: Ball 2-2: Ball 3-2: Strikes out swinging
|
| Top of the 4th over - 0 runs, 1 hit, 0 errors, 3 left on base; Dayton 0 - Lakewood 4 |
| BOTTOM OF THE 4TH |
|
Lakewood BlueClaws batting - Pitching for Dayton Dragons : RHP Gil Villanueva
|
|
Batting: RHB Johnny Burroughs
|
0-0: Ball 1-0: Called Strike 1-1: Ball 2-1: Swinging Strike 2-2: Ball 3-2: Base on Balls
|
|
Batting: RHB Cory Bonham
|
0-0: Called Strike 0-1: Swinging Strike 0-2: Strikes out swinging
|
|
Batting: LHB Matt Urbanek
|
0-0: Foul Ball, location: 2F 0-1: SINGLE (Groundball, 34S, EV 89.4 MPH) (infield hit) Johnny Burroughs to second
|
|
Batting: RHB Vaclav Been
|
0-0: Called Strike 0-1: Foul Ball, location: 2F 0-2: Foul Ball, location: 2F 0-2: Ball 1-2: Ball 2-2: Strikes out looking
|
|
Batting: RHB Mike Bell
|
0-0: Swinging Strike 0-1: Foul Ball, location: 2F 0-2: Strikes out swinging
|
| Bottom of the 4th over - 0 runs, 1 hit, 0 errors, 2 left on base; Dayton 0 - Lakewood 4 |
| TOP OF THE 5TH |
|
Dayton Dragons batting - Pitching for Lakewood BlueClaws : RHP Jamie Gordam
|
|
Batting: RHB Juan Zamora
|
0-0: Called Strike 0-1: Ball 1-1: Fly out, F7 (Flyball, 78S, EV 90.6 MPH)
|
|
Batting: RHB Ernie Maldonado
|
0-0: Ball 1-0: Called Strike 1-1: Foul Ball, location: 2F 1-2: Ball 2-2: SINGLE (Groundball, 6MD, EV 108.1 MPH)
|
|
Batting: RHB Yutaka Sato
|
0-0: Ball 1-0: Called Strike Ernie Maldonado steals 2nd base 1-1: Foul Ball, location: 2F 1-2: Foul Ball, location: 2F 1-2: Foul Ball, location: 2F 1-2: Foul Ball, location: 2F 1-2: Ball 2-2: SINGLE (Groundball, 6, EV 97.5 MPH) Ernie Maldonado to third Runner from 3rd tries for Home, SAFE, throw by CF to home Yutaka Sato to second
|
|
Batting: LHB Matt Kennedy
|
0-0: Ball 1-0: Foul Ball, location: 2F 1-1: Foul Ball, location: 2F 1-2: Ground out 4-3 (Groundball, 34, EV 101.2 MPH) Yutaka Sato to third
|
|
Pitching: RHP Francisco Tejada
|
|
|
Batting: LHB Leo Gomez
|
0-0: Ball 1-0: Swinging Strike 1-1: Foul Ball, location: 2F 1-2: Foul Ball, location: 2F 1-2: Ball 2-2: Ball 3-2: Ground out U3 (Groundball, 34, EV 85.0 MPH)
|
| Top of the 5th over - 1 run, 2 hits, 0 errors, 1 left on base; Dayton 1 - Lakewood 4 |
| BOTTOM OF THE 5TH |
|
Lakewood BlueClaws batting - Pitching for Dayton Dragons : RHP Gil Villanueva
|
|
Batting: RHB Victor Arias
|
0-0: Ball 1-0: SINGLE (Groundball, 5D, EV 108.8 MPH)
|
|
Batting: LHB Eric Farren
|
0-0: Foul Ball, location: 2F 0-1: Ball 1-1: Foul Ball, location: 2F 1-2: Foul Ball, location: 2F 1-2: Foul Ball, location: 2F 1-2: Ball 2-2: Foul Ball, location: 2F 2-2: Foul Ball, location: 2F 2-2: Fly out, F6 (Popup, 6M, EV 55.6 MPH)
|
|
Batting: RHB Trent Hedrick
|
0-0: Called Strike 0-1: Called Strike 0-2: Fielders Choice at 2nd, 2-6 (Groundball, 2R, EV 68.1 MPH)
|
|
Batting: LHB Joel Moore
|
0-0: Ball 1-0: DOUBLE (Line Drive, 8RXD, EV 110.0 MPH) Trent Hedrick to third Runner from 3rd tries for Home, SAFE, no throw by CF
|
|
Pitching: RHP Amador Sadaba
|
|
|
Batting: RHB Johnny Burroughs
|
0-0: Ball 1-0: Ball 2-0: Ball 3-0: Foul Ball, location: 2F 3-1: Foul Ball, location: 2F 3-2: Base on Balls
|
|
Batting: RHB Cory Bonham
|
0-0: Ball 1-0: Foul Ball, location: 2F 1-1: Ball 2-1: Foul Ball, location: 2F 2-2: Strikes out swinging
|
| Bottom of the 5th over - 1 run, 2 hits, 0 errors, 2 left on base; Dayton 1 - Lakewood 5 |
| TOP OF THE 6TH |
|
Dayton Dragons batting - Pitching for Lakewood BlueClaws : RHP Francisco Tejada
|
|
Batting: LHB Chris Redhead
|
0-0: Called Strike 0-1: Ball 1-1: Ball 2-1: Ball 3-1: Called Strike 3-2: Base on Balls
|
|
Batting: RHB Mark Williams
|
0-0: Fly out, F7 (Flyball, 7, EV 86.9 MPH)
|
|
Batting: RHB Chris Zamora
|
0-0: Ball 1-0: Reached on error, E5 (Groundball, 56S, EV 73.8 MPH) Chris Redhead to second
|
|
Batting: LHB Ray Walden
|
0-0: Ball 1-0: Grounds into double play, 6-4-3 (Groundball, 6M, EV 106.2 MPH)
|
| Top of the 6th over - 0 runs, 0 hits, 1 error, 1 left on base; Dayton 1 - Lakewood 5 |
| BOTTOM OF THE 6TH |
|
Lakewood BlueClaws batting - Pitching for Dayton Dragons : RHP Amador Sadaba
|
|
Batting: LHB Matt Urbanek
|
0-0: Ball 1-0: Ball 2-0: Foul Ball, location: 2F 2-1: Foul Ball, location: 2F 2-2: Ground out 4-3 (Groundball, 4, EV 101.2 MPH)
|
|
Batting: RHB Vaclav Been
|
0-0: Ball 1-0: Ball 2-0: Ball 3-0: Called Strike 3-1: Base on Balls
|
|
Batting: RHB Mike Bell
|
0-0: Called Strike 0-1: Grounds into double play, 5-4-3 (Groundball, 56, EV 90.6 MPH)
|
| Bottom of the 6th over - 0 runs, 0 hits, 0 errors, 0 left on base; Dayton 1 - Lakewood 5 |
| TOP OF THE 7TH |
|
Dayton Dragons batting - Pitching for Lakewood BlueClaws : RHP Francisco Tejada
|
|
Batting: RHB Juan Zamora
|
0-0: Foul Ball, location: 2F 0-1: Foul Ball, location: 2F 0-2: Strikes out swinging
|
|
Batting: RHB Ernie Maldonado
|
0-0: Ball 1-0: Ball 2-0: Ball 3-0: Base on Balls
|
|
Batting: RHB Yutaka Sato
|
0-0: Ball 1-0: Fielders Choice at 2nd, 3-6 (Groundball, 3S, EV 88.1 MPH)
|
|
Batting: LHB Matt Kennedy
|
0-0: Called Strike 0-1: Ball 1-1: Ball 2-1: Fielders Choice at 2nd, 5-4 (Groundball, 5, EV 88.8 MPH)
|
| Top of the 7th over - 0 runs, 0 hits, 0 errors, 1 left on base; Dayton 1 - Lakewood 5 |
| BOTTOM OF THE 7TH |
|
Lakewood BlueClaws batting - Pitching for Dayton Dragons : RHP Amador Sadaba
|
|
Pitching: RHP Brian Trejo
|
|
|
Batting: RHB Victor Arias
|
0-0: Called Strike 0-1: SOLO HOME RUN (Flyball, 7D, EV 94.4 MPH), Distance : 345 ft
|
|
Batting: LHB Eric Farren
|
0-0: Swinging Strike 0-1: Ball 1-1: Called Strike 1-2: Foul Ball, location: 2F 1-2: Ground out U3 (Groundball, 3, EV 90.6 MPH)
|
|
Batting: RHB Trent Hedrick
|
0-0: Foul Ball, location: 2F 0-1: Swinging Strike 0-2: SINGLE (Groundball, 6MD, EV 99.4 MPH)
|
|
Batting: LHB Joel Moore
|
0-0: Ground out 5-3 (Groundball, 56S, EV 67.5 MPH) Trent Hedrick to second
|
|
Batting: RHB Johnny Burroughs
|
0-0: Called Strike 0-1: Ball 1-1: Ball 2-1: Foul Ball, location: 2F 2-2: SINGLE (Flyball, 5D, EV 85.6 MPH) Trent Hedrick to third Runner from 3rd tries for Home, SAFE, throw by LF to home
|
|
Batting: RHB Cory Bonham
|
0-0: Ball 1-0: Fielders Choice at 2nd, 5-4 (Groundball, 56, EV 83.8 MPH)
|
| Bottom of the 7th over - 2 runs, 3 hits, 0 errors, 1 left on base; Dayton 1 - Lakewood 7 |
| TOP OF THE 8TH |
|
Dayton Dragons batting - Pitching for Lakewood BlueClaws : RHP Francisco Tejada
|
|
Batting: LHB Leo Gomez
|
0-0: Foul Ball, location: 2F 0-1: Ball 1-1: Foul Ball, location: 2F 1-2: Foul Ball, location: 2F 1-2: Ground out 6-3 (Groundball, 6M, EV 79.4 MPH)
|
|
Batting: LHB Chris Redhead
|
0-0: Ball 1-0: Ball 2-0: Foul Ball, location: 2F 2-1: Ball 3-1: Base on Balls
|
|
Batting: RHB Mark Williams
|
0-0: Called Strike 0-1: Ball 1-1: Called Strike 1-2: Ball 2-2: Ball 3-2: Grounds into double play, 5-4-3 (Groundball, 56, EV 93.8 MPH)
|
| Top of the 8th over - 0 runs, 0 hits, 0 errors, 0 left on base; Dayton 1 - Lakewood 7 |
| BOTTOM OF THE 8TH |
|
Lakewood BlueClaws batting - Pitching for Dayton Dragons : RHP Brian Trejo
|
|
Batting: LHB Matt Urbanek
|
0-0: Ball 1-0: Foul Ball, location: 2F 1-1: Ball 2-1: Called Strike 2-2: Ground out 6-3 (Groundball, 6S, EV 86.9 MPH)
|
|
Batting: RHB Vaclav Been
|
0-0: Ground out 6-3 (Groundball, 6, EV 88.1 MPH)
|
|
Batting: RHB Mike Bell
|
0-0: Called Strike 0-1: Called Strike 0-2: Ball 1-2: TRIPLE (Groundball, 5L, EV 100.0 MPH)
|
|
Batting: RHB Victor Arias
|
0-0: Ball 1-0: Swinging Strike 1-1: Fly out, F9 (Flyball, 9LM, EV 68.1 MPH)
|
| Bottom of the 8th over - 0 runs, 1 hit, 0 errors, 1 left on base; Dayton 1 - Lakewood 7 |
| TOP OF THE 9TH |
|
Dayton Dragons batting - Pitching for Lakewood BlueClaws : RHP Francisco Tejada
|
|
Batting: RHB Chris Zamora
|
0-0: Swinging Strike 0-1: Ball 1-1: SINGLE (Groundball, 56D, EV 105.6 MPH)
|
|
Pitching: RHP Alec Guglielmo
|
|
|
Batting: LHB Ray Walden
|
0-0: Ball 1-0: Called Strike 1-1: Ball 2-1: Grounds into double play, 4-6-3 (Groundball, 4, EV 84.4 MPH)
|
|
Batting: RHB Juan Zamora
|
0-0: Ball 1-0: Ball 2-0: Foul Ball, location: 2F 2-1: Ball 3-1: Base on Balls
|
|
Batting: RHB Ernie Maldonado
|
0-0: Foul Ball, location: 2F 0-1: Fly out, F9 (Flyball, 9LD, EV 110.6 MPH)
|
| Top of the 9th over - 0 runs, 1 hit, 0 errors, 1 left on base; Dayton 1 - Lakewood 7 |
|